 Dungeon Crawl Stone Soup version 0.29-a0-284-gf9362112df (webtiles) character file.

Game seed: 14891905557611521194

32809 sammy202020 the Fighter (level 13, 0/89 HPs)
             Began as a Gargoyle Berserker on Mar 15, 2022.
             Was a High Priest of Trog.
             Shot with a bolt by a yaktaur (14 damage)
             ... on level 13 of the Dungeon.
             The game lasted 00:34:22 (12261 turns).

sammy202020 the Fighter (Gargoyle Berserker)       Turns: 12261, Time: 00:34:23

Health: 0/89       AC: 30    Str: 27    XL:     13   Next: 66%
Magic:  13/13      EV: 12    Int:  9    God:    Trog [*****.]
Gold:   932        SH:  0    Dex: 12    Spells: 12/12 levels left

rFire   + . .      SeeInvis .   I - +5 dire flail (vorpal)
rCold   + . .      Faith    .   (shield currently unavailable)
rNeg    + + .      Spirit   .   E - +0 chain mail {rF+}
rPois   ∞          Reflect  .   D - +0 helmet
rElec   +          Harm     .   K - +2 ratskin cloak {*Rats rPois rN+ Str-1 Int-1 Dex+1}
rCorr   .          Rampage  .   i - +0 pair of gloves
Will    ++...                   g - +0 pair of boots
Stlth   ..........              B - amulet of regeneration
HPRegen 2.04/turn               J - +6 ring of strength
MPRegen 0.13/turn               P - ring of protection from cold

@: strong-willed (expiring), on berserk cooldown, regenerating (expiring),
slowed, very slow
A: sickness immunity, AC +9, negative energy resistance 1, electricity
resistance, torment resistance 1, petrification resistance
a: Renounce Religion, Berserk, Trog's Hand, Brothers in Arms


You were on level 13 of the Dungeon.
You worshipped Trog.
Trog was extremely pleased with you.
You visited 1 branch of the dungeon, and saw 14 of its levels.
You also visited: Ossuary.

You collected 932 gold pieces.

Inventory:

Hand Weapons
 I - a +5 vorpal dire flail (weapon)
 N - a +2 morningstar of protection
 R - a +0 great mace
Missiles
 a - 2 throwing nets (quivered)
 e - 33 poisoned darts
Armour
 g - a +0 pair of boots (worn)
 i - a +0 pair of gloves (worn)
 D - a +0 helmet (worn)
 E - a +0 chain mail of fire resistance (worn)
 G - a +0 plate armour
 K - the +2 ratskin cloak (worn) {*Rats rPois rN+ Str-1 Int-1 Dex+1}
   (You found it on level 8 of the Dungeon)

   When the wearer is hurt, rats may emerge from it to assist them.
   Str:       It affects your strength (-1).
   Int:       It affects your intelligence (-1).
   Dex:       It affects your dexterity (+1).
   rPois:     It protects you from poison.
   rN:        It protects you from negative energy.
Jewellery
 B - an amulet of regeneration (around neck)
 F - an amulet of guardian spirit
 J - a +6 ring of strength (left hand)
 P - a ring of protection from cold (right hand)
Wands
 b - a wand of flame (27)
 c - a wand of iceblast (24)
 f - a wand of digging (4)
 A - a wand of polymorph (16)
 L - a wand of acid (6)
 M - a wand of paralysis (8)
Scrolls
 d - 4 scrolls of identify
 j - 5 scrolls of fear
 m - 2 scrolls of magic mapping
 n - 2 scrolls of blinking
 p - 5 scrolls of teleportation
 y - 2 scrolls of amnesia
 z - 2 scrolls of fog
 C - a scroll of summoning
 O - a scroll of holy word
Potions
 h - 7 potions of brilliance
 k - a potion of might
 l - a potion of berserk rage
 o - a potion of mutation
 q - a potion of resistance
 r - 6 potions of ambrosia
 s - 2 potions of heal wounds
 t - 5 potions of curing
 u - 2 potions of lignification
 v - 2 potions of degeneration
 w - a potion of magic
 H - a potion of flight
 Q - a potion of attraction {unknown}
Miscellaneous
 x - a lightning rod (4/4)


   Skills:
 * Level 13.7 Fighting
 * Level 12.6 Maces & Flails
 * Level 13.4 Armour
 + Level 7.5 Dodging


You had 12 spell levels left.
You didn't know any spells.
Your spell library was empty.

Dungeon Overview and Level Annotations

Branches:
Dungeon (14/15)            Temple (0/1) D:5            Lair (0/6) D:11
    Orc (0/2) D:12        Ossuary (visited)
 Vaults: D:13-14

Altars:
Dithmenos
Elyvilon
Fedhas
Kikubaaqudgha
Nemelex Xobeh
Ru
Trog
Vehumet
Xom
Yredelemnul
Zin

Portals:
Trove: D:13 (give +4 fire dragon scales)


Innate Abilities, Weirdness & Mutations

You are immune to sickness and miasma.
Your stone body is resilient. (AC +9)
You are immune to poison.
You resist negative energy. (rN+)
You are resistant to electric shocks. (rElec)
You are resistant to unholy torment.
You are immune to petrification.


Message History

The deep elf pyromancer is severely wounded.
The centaur warrior simulacrum closely misses you.
The centaur warrior simulacrum kicks you but does no damage.
The deep elf pyromancer misses you.
You bludgeon the deep elf pyromancer!!
You kill the deep elf pyromancer!
Trog accepts your kill.
Trog appreciates your killing of a magic user.
The centaur warrior simulacrum hits you but does no damage.
The centaur warrior simulacrum barely misses you.
You impale the centaur warrior simulacrum!!
The centaur warrior simulacrum vaporises!
Trog accepts your kill.
Really walk into that cloud of freezing vapour? [Y]es or [N]o only, please.
Really walk into that cloud of freezing vapour?
You are engulfed in freezing vapours.
You resist.
You see here a manticore corpse.
You feel a strong urge to attack something.
The yaktaur shoots a bolt.
The bolt misses you.
Really walk into that cloud of freezing vapour? [Y]es or [N]o only, please.
Really walk into that cloud of freezing vapour?
Okay, then.
The yaktaur shoots a bolt.
The bolt completely misses you.
Really walk into that cloud of freezing vapour?
You feel your anger nearly subside.
You are engulfed in freezing vapours.
You resist.
You are no longer berserk.
You are exhausted.
You feel yourself slow down. The cyclops hits you!
* * * LOW HITPOINT WARNING * * *
You see here a manticore corpse.
The yaktaur shoots a bolt.
The bolt hits you.
* * * LOW HITPOINT WARNING * * *
The yaktaur shoots a bolt.
The bolt hits you.
* * * LOW HITPOINT WARNING * * *
You feel the effects of Trog's Hand fading.
The yaktaur shoots a bolt.
The bolt hits you!
You die...

?#C .#... ##?.?## .#....
..?.... #.....##### [.)
#.##..#........ #.#
....##......#
###.#####.###......#
#...(##^....#......#
#...#c#.#J#.#......#
#.##.ZC(##.##@......###+####
..#...#.#.#C#.#..#'####.....##
# #....##.)c°.#..)...##......#
###)#####.###..............+
.............+............#
####..........#...)#.#####.#
##+###...##....#.......#
###...##..>##..###########
............#....+ .....


You could see a yaktaur.

Vanquished Creatures
  The ghost of spaghetti the Basher, a journeyman DsBe of Trog (D:11)
  A boulder beetle (D:13)
  2 centaur warriors (D:13)
  3 two-headed ogres
  2 tengu warriors (D:13)
  A skeletal warrior (D:13)
  Pikel (D:7)
  A deep elf pyromancer (D:13)
  2 cyclopes (D:13)
  2 manticores (D:13)
  Joseph (D:9)
  3 gargoyles
  2 komodo dragons (D:11)
  2 kobold demonologists
  An efreet (D:13)
  3 trolls
  A tengu conjurer (D:13)
  A queen bee (D:10)
  A meliai (D:13)
  Grinder (D:3)
  5 slime creatures (D:12)
  A centaur simulacrum (D:13)
  2 wraiths
  2 wyverns
  15 yaks
  3 vampires
  A steam dragon (D:11)
  4 basilisks
  5 vampire mosquitoes
  2 acid dragons (D:12)
  2 water moccasins
  An ice beast (D:6)
  8 orc warriors
  2 sky beasts (D:7)
  4 ogres
  4 centaurs
  2 phantoms
  2 kobold brigands
  3 gnoll sergeants
  5 scorpions
  4 bullfrogs
  A necrophage (D:6)
  17 wights
  16 killer bees (D:10)
  6 howler monkeys
  4 orc priests
  4 hounds
  3 jellies
  Ijyb (D:5)
  2 iguanas (D:6)
  9 orc wizards
  8 mummies (Ossuary)
  5 adders
  20 gnolls
  A shadow imp (D:7)
  3 white imps
  An ufetubus (D:4)
  2 worms
  3 dart slugs
  41 orcs
  4 ball pythons
  3 bats
  9 endoplasms
  2 giant cockroaches
  A gnoll zombie (Ossuary)
  8 goblins
  4 hobgoblins
  4 jackals (D:1)
  5 quokkas
  3 frilled lizards
  3 hobgoblin zombies (Ossuary)
  14 kobolds
  3 kobold zombies (Ossuary)
  An orc zombie (Ossuary)
  7 rats
327 creatures vanquished.

Vanquished Creatures (collateral kills)
  A kobold demonologist (D:10)
  A komodo dragon (D:11)
  A slime creature (D:12)
  A kobold brigand (D:10)
  3 killer bees (D:10)
  A kobold (D:9)
8 creatures vanquished.

Vanquished Creatures (others)
  An orc wizard (D:6)
  2 withered plants (D:11)
3 creatures vanquished.

Grand Total: 338 creatures vanquished

Notes
Turn   | Place    | Note
-------+----------+-------------------------------------------
     0 | D:1      | sammy202020 the Gargoyle Berserker began the quest for the
                  | Orb.
     0 | D:1      | Reached XP level 1. HP: 14/14 MP: 1/1
   229 | D:1      | Reached XP level 2. HP: 15/19 MP: 2/2
   886 | D:1      | Reached XP level 3. HP: 24/24 MP: 3/3
  1541 | D:2      | Reached ** piety under Trog
  2088 | D:2      | Reached XP level 4. HP: 28/29 MP: 4/4
  2120 | D:2      | Identified the +2 robe of Mumblety Peg {Regen+}
  2367 | D:2      | Found a faded altar of an unknown god.
  2553 | D:3      | Noticed Grinder
  2559 | D:3      | Paralysed by Grinder for 2 turns
  2567 | D:3      | Killed Grinder
  2568 | D:3      | Reached XP level 5. HP: 34/34 MP: 5/5
  2568 | D:3      | Reached XP level 6. HP: 40/40 MP: 6/6
  3257 | D:4      | Reached skill level 5 in Fighting
  3830 | D:4      | Found a sand-covered staircase.
  3835 | Ossuary  | Entered an ossuary
  3858 | Ossuary  | Reached XP level 7. HP: 12/44 MP: 7/7
  4123 | D:4      | Reached skill level 5 in Maces & Flails
  4241 | D:4      | Reached skill level 5 in Armour
  4241 | D:4      | Found a white marble altar of Elyvilon.
  4330 | D:4      | Reached *** piety under Trog
  4353 | D:4      | Found an ancient bone altar of Kikubaaqudgha.
  4354 | D:4      | Found a blossoming altar of Fedhas.
  4472 | D:5      | Entered Level 5 of the Dungeon
  4505 | D:5      | Reached XP level 8. HP: 43/51 MP: 8/8
  4735 | D:5      | Found a staircase to the Ecumenical Temple.
  4846 | D:5      | Noticed Ijyb
  4850 | D:5      | Killed Ijyb
  4867 | D:5      | Found a bloodstained altar of Trog.
  4874 | D:5      | Found a basalt altar of Yredelemnul.
  5116 | D:6      | Found a sacrificial altar of Ru.
  5116 | D:6      | Found a glowing silver altar of Zin.
  5148 | D:6      | Reached XP level 9. HP: 52/57 MP: 9/9
  6683 | D:7      | Noticed Pikel
  6690 | D:7      | Killed Pikel
  6925 | D:7      | Reached XP level 10. HP: 64/65 MP: 10/10
  6949 | D:7      | HP: 2/65 [wight/+3 scimitar (12)]
  7203 | D:7      | Reached **** piety under Trog
  7360 | D:7      | Found a flagged portal.
  7516 | D:7      | Found a sparkling altar of Nemelex Xobeh.
  8333 | D:8      | Found the +2 ratskin cloak {*Rats rPois rN+ Str-1 Int-1
                  | Dex+1}
  8644 | D:9      | Noticed a two-headed ogre
  8652 | D:9      | Killed a two-headed ogre
  8653 | D:9      | Reached skill level 5 in Dodging
  8832 | D:9      | Noticed Joseph
  8854 | D:9      | Killed Joseph
  8855 | D:9      | Reached skill level 10 in Fighting
  8972 | D:9      | Found a shadowy altar of Dithmenos.
  9058 | D:9      | Identified the +8 plate armour "Osaired" {Harm rCorr
                  | Slay+3}
  9190 | D:9      | Reached XP level 11. HP: 72/72 MP: 11/11
  9348 | D:10     | Entered Level 10 of the Dungeon
  9422 | D:10     | Reached skill level 10 in Armour
  9580 | D:10     | Found a shimmering altar of Xom.
  9630 | D:10     | Found a radiant altar of Vehumet.
  9695 | D:10     | Noticed a sixfirhy
  9700 | D:10     | Reached ***** piety under Trog
  9717 | D:10     | HP: 3/73 [barbs]
  9729 | D:10     | Reached skill level 10 in Maces & Flails
 10239 | D:10     | Reached XP level 12. HP: 81/81 MP: 12/12
 10484 | D:11     | Received a gift from Trog
 10591 | D:11     | Found a runed translucent door.
 10591 | D:11     | Noticed spaghetti's ghost (journeyman DsBe)
 10714 | D:11     | Found a staircase to the Lair.
 10891 | D:11     | Killed spaghetti's ghost
 11665 | D:12     | Found a staircase to the Orcish Mines.
 11675 | D:12     | Reached XP level 13. HP: 79/87 MP: 13/13
 11986 | D:12     | You fall into a shaft and drop 2 floors!
 12027 | D:13     | Found a portal to a secret trove of treasure.
 12261 | D:13     | Shot with a bolt by a yaktaur

Illustrated notes

Levels and vault maps discovered:
D:1:      lordsloth_arrival_two_stooges, layout_basic, st_stairs_6
D:2:      layout_basic, shapermc_ecumenical_altar_mp_vishouse
D:3:      layout_basic, minmay_stone_trees_medium, kennysheep_generic_room_16,
          uniq_grinder
D:4:      layout_basic, grunt_temple_overflow_growth_and_decay,
          elyvilon_altar_5, enter_ossuary_2
D:5:      layout_rooms, mainiacjoe_overflow_large_starburst,
          minmay_temple_entry_statues_fountains, uniq_ijyb
D:6:      layout_layer_cave, chequers_temple_overflow_statue_of_worship
D:7:      layout_rooms, nemelex_spade_bored_becter, enter_bailey_3,
          amethyst_killhole, chequers_garden, grunt_decor_mini_mirrors,
          uniq_pikel
D:8:      layout_basic
D:9:      layout_gridville, nicolae_dithmenos_the_darkroom,
          kennysheep_generic_room_12, uniq_joseph
D:10:     layout_cave_pools, mainiacjoe_overflow_alcove_4, lemuel_round_altar,
          special_room [special_room_bee]
D:11:     layout_roguey, erik_lair_dragon, gammafunk_ghost_grave
D:12:     layout_loops_ring, orc_0_dummy
D:13:     minmay_the_grid_square_5x5_5x5
          [minmay_the_grid_square_5x5_two_walls_b,
          minmay_the_grid_square_5x5_three_small,
          minmay_the_grid_square_5x5_percent,
          minmay_the_grid_square_5x5_minivault,
          minmay_the_grid_square_5x5_n_small,
          minmay_the_grid_square_5x5_shuriken,
          minmay_the_grid_square_5x5_prize_waves,
          minmay_the_grid_square_5x5_checkered,
          minmay_the_grid_square_5x5_prize_gold,
          minmay_the_grid_square_5x5_shrine2,
          minmay_the_grid_square_5x5_moneybag,
          minmay_the_grid_square_5x5_eight_small,
          minmay_the_grid_square_5x5_prize_snowflake,
          minmay_the_grid_square_5x5_z, minmay_the_grid_square_5x5_six,
          minmay_the_grid_square_5x5_bite,
          minmay_the_grid_square_5x5_prize_itemx,
          minmay_the_grid_square_5x5_two_walls_a,
          minmay_the_grid_square_5x5_prize_open,
          minmay_the_grid_square_5x5_six_small,
          minmay_the_grid_square_5x5_bracketed,
          minmay_the_grid_square_5x5_tri_point,
          minmay_the_grid_square_5x5_fat_x,
          minmay_the_grid_square_5x5_inverted_slash,
          minmay_the_grid_square_5x5_lines], layout_gridville,
          hangedman_vaults_entry_quadrant_bands, enter_trove_2, serial_shops,
          nicolae_take_the_stairs, serial_co_window_serial, co_window_paths_a,
          co_window_corner_a, co_window_paths_a, co_window_paths_a,
          co_window_corner_a, co_window_paths_a, co_window_of_opportunity_b,
          co_window_corner_cb, co_window_paths_d, glass_columns_a,
          glass_columns_b, glass_columns_c, glass_columns_a, glass_columns_c,
          uniq_frances
D:14:     layout_basic

Skill      XL: |  1  2  3  4  5  6  7  8  9 10 11 12 13 |
---------------+----------------------------------------+-----
Fighting       | 4 5 6 7 8 10 12 13 | 13.7
Armour         | 3 4 5 6 8 9 11 12 13 | 13.4
Maces & Flails | 4 5 6 8 9 11 12 | 12.6
Dodging        | 2 3 4 5 6 7 |  7.5

Action                   |  1- 3 |  4- 6 |  7- 9 | 10-12 | 13-15 || total
-------------------------+-------+-------+-------+-------+-------++-------
Melee: Mace              |   110 |    14 |       |       |       ||   124
       Punch             |     1 |     2 |     3 |     7 |       ||    13
       Flail             |       |   103 |   310 |   269 |       ||   682
       Morningstar       |       |       |    89 |   238 |       ||   327
       Dire flail        |       |       |       |   108 |   158 ||   266
Invok: Berserk           |       |     1 |     3 |     2 |     2 ||     8
       Trog's Hand       |       |       |     6 |     3 |     4 ||    13
  Use: Scroll            |     1 |     3 |    16 |     7 |       ||    27
       Potion            |       |       |     1 |     4 |     2 ||     7
 Stab: Sleeping          |       |       |     1 |       |       ||     1
       Distracted        |       |       |       |     1 |     1 ||     2
Armor: Animal skin       |     7 |       |       |       |       ||     7
       Chain mail        |    90 |       |    84 |   619 |   139 ||   932
       Robe              |       |    43 |   148 |       |       ||   191
Dodge: Dodged            |    66 |    89 |   283 |   501 |   112 ||  1051

Table legend: (Time is in decaauts)
 A = Elapsed time spent in this place.
 B = Non-inter-level travel time spent in this place.
 C = Inter-level travel time spent in this place.
 D = Time resting spent in this place.
 E = Time spent auto-exploring this place.
 F = Levels seen in this place.
 G = Mean time per level.
                   A        B        C        D        E       F      G
               +--------+--------+--------+--------+--------+-----+--------+
         Total |  12302 |  12055 |    247 |    456 |   8050 |  15 |  820.1 |
       Dungeon |  12028 |  11781 |    247 |    429 |   7953 |  14 |  859.1 |
       Ossuary |    273 |    273 |      0 |     27 |     97 |   1 |  273.0 |
               +--------+--------+--------+--------+--------+-----+--------+

Top non-repeatable levels by time:
     D:6: 1585 daAuts
     D:1: 1341 daAuts
     D:2: 1124 daAuts
    D:11: 1122 daAuts
     D:4: 1015 daAuts
     D:8: 997 daAuts
     D:7: 962 daAuts
    D:10: 931 daAuts
     D:3: 788 daAuts
     D:9: 696 daAuts
     D:5: 668 daAuts
    D:12: 545 daAuts
 Ossuary: 273 daAuts
    D:13: 206 daAuts
    D:14: 40 daAuts
